 Dungeon Crawl Stone Soup version 0.20-b1 (webtiles) character file.

39 juanjsm the Sneak (level 3, -3/17 HPs)
             Began as a Spriggan Enchanter on May 19, 2017.
             Slain by a gnoll
             ... wielding a +0 spear
              (5 damage)
             ... on level 2 of the Dungeon.
             The game lasted 00:05:42 (1187 turns).

juanjsm the Sneak (Spriggan Enchanter)              Turns: 1187, Time: 00:05:42

Health: -3/17      AC:  2    Str:  4    XL:     3   Next: 26%
Magic:  0/8        EV: 19    Int: 17    God:
Gold:   55         SH:  0    Dex: 16    Spells: 1/7 levels left

rFire    . . .     SeeInvis +   a - +1 dagger
rCold    . . .     Gourm    .   (shield restricted)
rNeg     . . .     Faith    .   b - +0 robe
rPois    .         Spirit   .   (helmet restricted)
rElec    .         Reflect  .   (no cloak)
rCorr    .         Harm     .   (gloves unavailable)
MR       .....                  (boots unavailable)
Stlth    +++.......             e - amulet of rage
Regen    0.1/turn               (no ring)
MPRegen  0.2/turn               (no ring)

@: very quick
A: unfitting armour, see invisible, herbivore 3, speed 3, slow metabolism 2
a: Evoke Berserk Rage


You were on level 2 of the Dungeon.
You were not hungry.

You visited 1 branch of the dungeon, and saw 2 of its levels.

You collected 55 gold pieces.

Inventory:

Hand Weapons
 a - a +1 dagger (weapon)
Missiles
 j - 6 needles of paralysis
Armour
 b - a +0 robe (worn)
Jewellery
 e - an amulet of rage (around neck)
 h - an uncursed ring of magical power {unknown}
Scrolls
 f - a scroll of enchant armour {unknown}
 i - a scroll of noise {unknown}
Potions
 g - 2 potions of lignification {unknown}
Books
 c - a book of Maledictions

   Spells                             Type                      Level
   a - Corona                         Hexes                        1
   b - Ensorcelled Hibernation        Hexes/Ice                    2
   c - Confuse                        Hexes                        3
   d - Tukima's Dance                 Hexes                        3
   e - Dazzling Spray                 Conjuration/Hexes            3
Comestibles
 d - 3 bread rations


   Skills:
 + Level 0.5 Fighting
 + Level 1.9 Short Blades
 + Level 3.8 Dodging
 + Level 4.6 Stealth
 + Level 2.6 Spellcasting
 + Level 4.1 Hexes


You had one spell level left.
You knew the following spells:

 Your Spells              Type           Power        Failure   Level  Hunger
a - Corona                Hex            ###....      3%          1    #......
b - Ensorcelled Hibernat  Hex/Ice        #.....       12%         2    ##.....
c - Confuse               Hex            ###.....     10%         3    ###....


Dungeon Overview and Level Annotations

Branches:
Dungeon (2/15)

Altars:


Innate Abilities, Weirdness & Mutations

You are very small and have problems with some larger weapons.
You are too small for most types of armour.
You have supernaturally acute eyesight. (SInv)
You are a herbivore.
You cover ground extremely quickly.
You need consume almost no food.


Message History

Memorise Confuse, consuming 3 spell levels and leaving 1?
You start memorising the spell.
You continue memorising. x3
You finish memorising.
Spell assigned to 'c'.
There is a stone staircase leading down here.
You climb downwards.
The gnoll misses you.
There is a stone staircase leading up, spattered with blood here.
Casting: Ensorcelled Hibernation
Confirm with . or Enter, or press ? or * to list all spells.
Aiming: Ensorcelled Hibernation
Press: ? - help, Shift-Dir - straight line, f - gnoll
Aim: a gnoll, wielding a spear (chance to defeat MR: 50%)
The gnoll resists with some effort.
The gnoll barely misses you.
You barely miss the gnoll. The gnoll hits you with a spear!
* * * LOW HITPOINT WARNING * * *
Casting: Ensorcelled Hibernation
Confirm with . or Enter, or press ? or * to list all spells.
You don't know that spell.
Unknown command.
The gnoll hits you with a spear.
You die...

### ...
###.#######
#.....g...#
#@....#
#l..)......
.............
#############.


You could see a gnoll and a frilled lizard.

Vanquished Creatures
  2 gnolls
  A dart slug (D:1)
  2 goblins (D:1)
  A hobgoblin (D:1)
  A ball python (D:1)
  2 bats (D:1)
  4 frilled lizards (D:1)
  3 kobolds (D:1)
  5 rats (D:1)
21 creatures vanquished.

Notes
Turn   | Place    | Note
-------+----------+-------------------------------------------
     0 | D:1      | juanjsm the Spriggan Enchanter began the quest for the Orb.
     0 | D:1      | Reached XP level 1. HP: 9/9 MP: 5/5
   586 | D:1      | Reached XP level 2. HP: 11/13 MP: 4/6
   590 | D:1      | Learned a level 2 spell: Ensorcelled Hibernation
  1114 | D:2      | Reached XP level 3. HP: 17/17 MP: 8/8
  1171 | D:1      | Learned a level 3 spell: Confuse
  1187 | D:2      | Slain by a gnoll

Skill      XL: |  1  2 |
---------------+-------+-----
Hexes          | 4 |  4.1
Fighting       | |  0.5
Short Blades   | |  1.9
Dodging        | |  3.8
Stealth        | |  4.6
Spellcasting   | |  2.6

Action                   || total
-------------------------++-------
Melee: Dagger            ||    76
 Cast: Corona            ||     9
       Ensorcelled Hiber ||    14
 Stab: Sleeping          ||     9
Armor: Robe              ||     6
Dodge: Dodged            ||    78
